 Dungeon Crawl Stone Soup version 0.25.0-9-g26727b657a (webtiles) character file.

Game seed: 1998580837163991711

38908 mortelune the Fencer (level 13, -5/104 HPs)
             Began as a Vampire Chaos Knight on June 17, 2020.
             Was a Plaything of Xom.
             Slain by an orc warrior
             ... wielding a +0 dire flail
              (21 damage)
             ... on level 2 of the Orcish Mines.
             The game lasted 00:55:01 (20380 turns).

mortelune the Fencer (Vampire Chaos Knight)        Turns: 20380, Time: 00:55:02

Health: -5/104     AC: 13    Str: 18 (19) XL:     13   Next: 66%
Magic:  13/13      EV: 15    Int:  8 (18) God:    Xom [......]
Gold:   2165       SH:  0    Dex:  8 (10) Spells: 12/12 levels left

rFire    x . .     SeeInvis +   E - +4 great sword (freeze)
rCold    . . .     Gourm    .   (shield currently unavailable)
rNeg     . . .     Faith    .   V - +2 ring mail of the Well-Known Deaths {rPois rF- Int+3}
rPois    +         Spirit   .   (helmet restricted)
rElec    .         Reflect  .   (no cloak)
rCorr    .         Harm     .   x - +2 pair of gloves
MR       +....                  s - +0 pair of boots
Stlth    ++++......             J - amulet of the acrobat
HPRegen  0.47/turn              k - ring of flight
MPRegen  0.13/turn              W - ring of wizardry

@: regenerating quickly
A: no food, fangs 3, horns 1, yellow scales 1, see invisible, clumsy 2,
deterioration 2, strong 2, unbreathing
a: Exsanguinate, Renounce Religion, Evoke Flight


You were on level 2 of the Orcish Mines.
You worshipped Xom.
You were a very special plaything of Xom.
You were alive.

You visited 3 branches of the dungeon, and saw 20 of its levels.
You also visited: Ossuary and Ice Cave.

You collected 2255 gold pieces.
You spent 90 gold pieces at shops.

Inventory:

Hand Weapons
 a - a +1 falchion of chaos
 q - the cursed +3 hand axe "Qaytteun" {venom, MR+}
   (You found it on level 4 of the Dungeon)

   It poisons the flesh of those it strikes.
   It affects your resistance to hostile enchantments.
   It has a curse placed upon it.
 E - a +4 great sword of freezing (weapon)
 F - the +5 trident of the Unspeakable One {drain, rElec MR+ Dex+3}
   (You found it on level 9 of the Dungeon)

   A truly terrible weapon, it drains the life of those it strikes.
   It affects your dexterity (+3).
   It insulates you from electricity.
   It affects your resistance to hostile enchantments.
 K - a +4 morningstar of freezing
 O - the +5 quarterstaff of the Middle {elec, rF+ rN+ Str+4, unknown}
   (You found it on level 4 of the Lair of Beasts)

   Occasionally, upon striking a foe, it will discharge some electrical energy
   and cause terrible harm.
   It affects your strength (+4).
   It protects you from fire.
   It protects you from negative energy.
Missiles
 z - 14 boomerangs (quivered)
 G - 6 atropa-tipped darts
 H - 4 javelins
 L - 5 silver javelins
 Q - 125 bolts
Armour
 b - a +2 leather armour
 j - a +2 scale mail of poison resistance
 s - a +0 pair of boots (worn)
 x - a +2 pair of gloves (worn)
 y - a +0 helmet
 S - a +0 troll leather armour
 V - the +2 ring mail of the Well-Known Deaths (worn) {rPois rF- Int+3}
   (You found it on level 4 of the Lair of Beasts)

   It affects your intelligence (+3).
   It makes you vulnerable to fire.
   It protects you from poison.
Jewellery
 k - a ring of flight (left hand)
 o - an uncursed ring of fire
 J - an amulet of the acrobat (around neck)
 N - an uncursed ring of fire
 R - an uncursed amulet of regeneration
 W - a ring of wizardry (right hand)
Wands
 d - a wand of disintegration (28)
 m - a wand of iceblast (3)
 r - a wand of polymorph (11)
 D - a wand of digging (9)
 P - a wand of enslavement (10)
 T - a wand of flame (19)
Scrolls
 h - 6 scrolls of immolation
 i - 13 scrolls of identify
 p - 3 scrolls of amnesia
 t - a scroll of teleportation
 u - 2 scrolls of enchant armour
 w - a scroll of noise
 A - a scroll of brand weapon
 M - 4 scrolls of enchant weapon
 X - 3 scrolls of remove curse
Potions
 c - 2 potions of cancellation
 g - 6 potions of curing
 l - 3 potions of brilliance
 n - a potion of haste
 v - 4 potions of stabbing
 B - a potion of magic
 C - a potion of might
 I - a potion of lignification


   Skills:
 + Level 10.6 Fighting
 * Level 15.2 Long Blades
 + Level 3.0 Armour
 + Level 12.1 Dodging
 - Level 12.8 Stealth


You had 12 spell levels left.
You didn't know any spells.
Your spell library contained the following spells:

 Spells                   Type           Power        Failure   Level  Hunger
 Beastly Appendage        Tmut           #.....       28%         1    N/A
 Magic Dart               Conj           #...         28%         1    N/A
 Summon Butterflies       Summ           #.......     28%         1    N/A
 Searing Ray              Conj           #.....       41%         2    N/A
 Sticks to Snakes         Tmut           #.......     41%         2    N/A
 Call Canine Familiar     Summ           #.......     63%         3    N/A
 Confusing Touch          Hex            #.......     63%         3    N/A
 Dazzling Flash           Conj/Hex       #.....       63%         3    N/A
 Gell's Gravitas          Tloc           #.........   63%         3    N/A
 Spider Form              Tmut/Pois      #.........   63%         3    N/A
 Fulminant Prism          Conj/Hex       #.........   95%         4    N/A
 Ice Form                 Ice/Tmut       #.......     95%         4    N/A
 Iskenderun's Mystic Bla  Conj/Tloc      #.......     95%         4    N/A
 Petrify                  Tmut/Erth      #.......     95%         4    N/A
 Summon Ice Beast         Ice/Summ       #.......     95%         4    N/A
 Blade Hands              Tmut           #.........   100%        5    N/A
 Bolt of Magma            Conj/Fire/Erth #.........   100%        5    N/A
 Iskenderun's Battlesphe  Conj/Chrm      #.......     100%        5    N/A
 Metabolic Englaciation   Hex/Ice        #.........   100%        5    N/A
 Summon Mana Viper        Hex/Summ       #.......     100%        5    N/A
 Yara's Violent Unravell  Hex/Tmut       #.........   100%        5    N/A
 Iron Shot                Conj/Erth      #.........   100%        6    N/A
 Orb of Destruction       Conj           #.........   100%        7    N/A
 Spellforged Servitor     Conj/Summ      #.........   100%        7    N/A
 Summon Hydra             Summ           #.........   100%        7    N/A

Dungeon Overview and Level Annotations

Branches:
Dungeon (12/15)            Temple (0/1) D:6            Lair (6/6) D:9
  Swamp (0/4) Lair:2       Spider (0/4) Lair:3        Slime (0/5) Lair:5
    Orc (2/2) D:9             Elf (0/3) Orc:2       Ossuary (visited)
  IceCv (visited)

Altars:
Dithmenos
Elyvilon
Fedhas
Kikubaaqudgha
Okawaru
Qazlal
Sif Muna
Trog
Xom
Yredelemnul
Zin
The Shining One
Beogh

Shops:
D:4 :

Annotations:
Lair:6 Enish's ghost, journeyman MiBe


Innate Abilities, Weirdness & Mutations

You do not eat.
Your natural rate of healing is unusually fast.
You have razor-sharp teeth.
You have supernaturally acute eyesight. (SInv)
You can survive without breathing.
You have a pair of small horns on your head.
You are partially covered in yellow scales. (AC +2)
You are very clumsy. (Dex -4)
Your body often deteriorates upon taking damage.
Your muscles are very strong. (Str +4)


Message History

The orc knight misses you.
You slice the orc knight!! You freeze the orc knight.
You kill the orc knight!
You feel your intelligence returning.
Your Armour skill increases to level 3!
The orc warrior misses you.
You closely miss the orc warrior.
The orc warrior is moderately wounded.
The orc warrior hits you with a +0 dire flail.
You completely miss the orc warrior.
The orc warrior is moderately wounded.
The orc warrior hits you with a +0 dire flail!!
* * * LOW HITPOINT WARNING * * *
Xom is highly amused!
Your body deteriorates!
You feel dopey.
A shower of butterflies erupts from you!
You slash the orc warrior! You freeze the orc warrior.
The orc warrior is severely wounded.
The orc warrior hits you with a +0 dire flail!!
You die...

.......#####...#.....#...........
.........##.....)...o#..........#
........###...........#.#.......#
.......## ###[........####...####
#..##.## ##...)##.#####...####
####### #####(..b..####........#.
#.#(.......)###..[.......
###.....##....#............
###........#@........###.....
##...#..o####)o.b......#...#.. ##
#.[.###...b.#b..b......##.....
.###.)[)###.........##........)[.
........o#((.....b..###...<...).#
.....#.[#o#........##.##........#
.......))..#..................###
..........#...#.###...##......#
#.....##.#....### ##.####..#.##


You could see an orc warrior (strong).

Vanquished Creatures
  5 hydras
  3 two-headed ogres
  2 orc high priests (Orc:2)
  Sonja (D:11)
  9 orc knights
  A cyclops (D:12)
  2 ugly things (D:11)
  An orc sorcerer (Orc:1)
  A deep elf mage (D:11)
  11 elephants
  8 spiny frogs
  3 black mambas
  11 komodo dragons
  2 ice devils (D:11)
  A troll (Orc:1)
  A merfolk (D:11)
  3 jumping spiders (Lair:3)
  2 blink frogs
  A bog body (Lair:2)
  11 hippogriffs
  Sigmund (D:5)
  3 redbacks (Lair:3)
  4 wyverns
  8 yaks
  2 vampires (D:12)
  A basilisk (Lair:1)
  2 hungry ghosts
  2 swamp worms (Lair:2)
  3 porcupines
  7 water moccasins
  A swamp drake (D:5)
  17 orc warriors
  4 sky beasts
  A necrophage (D:9)
  3 phantoms
  An ice beast (D:7)
  3 ogres
  3 wolves (Lair:5)
  5 centaurs
  10 crocodiles
  2 elf zombies (Ossuary)
  6 bullfrogs
  A big kobold (D:12)
  A gnoll sergeant (D:9)
  A scorpion (D:6)
  3 killer bees (D:10)
  11 wights
  2 electric eels (Lair:5)
  A bullfrog zombie (D:7)
  7 centaur zombies (Ossuary)
  3 human zombies (Ossuary)
  2 crimson imps
  5 jellies
  6 hounds
  19 orc priests
  14 orc wizards
  2 centaur skeletons
  3 bullfrog skeletons
  6 iguanas
  3 worker ants
  3 mummies (Ossuary)
  2 worker ant zombies
  A howler monkey zombie (D:9)
  11 gnolls
  11 adders
  A howler monkey skeleton (D:4)
  2 shadow imps (D:6)
  A white imp (D:5)
  3 oozes (Lair:5)
  2 adder zombies (D:7)
  An adder skeleton (D:5)
  3 worms
  A dart slug (D:2)
  3 leopard geckos
  42 orcs
  A ball python (D:1)
  4 giant cockroaches
  6 goblins
  7 hobgoblins
  15 jackals
  8 kobolds
  5 quokkas
  5 bats
  3 frilled lizards
  A quokka zombie (D:6)
  5 rats
  2 fungi
407 creatures vanquished.

Vanquished Creatures (collateral kills)
  2 bog bodies (Lair:2)
  An orc warrior (D:8)
  A centaur zombie (D:5)
  A crimson imp (D:5)
  An adder (D:5)
  3 orcs (D:8)
  2 plants (Lair:2)
11 creatures vanquished.

Vanquished Creatures (others)
  A polar bear (Lair:6)
  3 killer bees (D:10)
  An orc wizard (D:6)
  7 fungi
  17 plants (Lair:6)
29 creatures vanquished.

Grand Total: 447 creatures vanquished

Notes
Turn   | Place    | Note
-------+----------+-------------------------------------------
     0 | D:1      | mortelune the Vampire Chaos Knight began the quest for the
                  | Orb.
     0 | D:1      | Reached XP level 1. HP: 17/17 MP: 1/1
    49 | D:1      | Reached skill level 1 in Stealth
    54 | D:1      | Reached XP level 2. HP: 19/23 MP: 2/2
   766 | D:2      | XOM: divination: detect items
   864 | D:1      | Reached XP level 3. HP: 18/29 MP: 3/3
  1112 | D:2      | XOM: silly message
  1186 | D:2      | XOM: silly message
  1189 | D:2      | XOM: potion effect (haste)
  1288 | D:2      | Reached XP level 4. HP: 20/35 MP: 4/4
  1290 | D:2      | XOM: silly message
  1367 | D:2      | Reached skill level 4 in Long Blades
  1466 | D:2      | Found a basalt altar of Yredelemnul.
  1470 | D:2      | XOM: silly message
  1542 | D:2      | XOM: noise
  1721 | D:2      | XOM: noise
  1923 | D:2      | Found a shadowy altar of Dithmenos.
  1967 | D:3      | Reached XP level 5. HP: 41/41 MP: 5/5
  2601 | D:3      | XOM: noise
  2604 | D:3      | XOM: give mutations
  2604 | D:3      | Gained mutation: Your magical capacity is low. (-10% MP)
                  | [Xom's mischief]
  2604 | D:3      | Gained mutation: Your body sometimes deteriorates upon
                  | taking damage. [Xom's mischief]
  2604 | D:3      | Gained mutation: You have a pair of small antennae on your
                  | head. [Xom's mischief]
  2650 | D:4      | Noticed a phantom
  2660 | D:5      | Entered Level 5 of the Dungeon
  2664 | D:5      | Noticed a swamp drake
  2664 | D:5      | a scorpion changed into a swamp drake
  2664 | D:5      | XOM: polymorph scorpion -> swamp drake
  2680 | D:4      | XOM: chaos cloud
  2681 | D:4      | Paralysed by you for 6 turns
  2719 | D:4      | Got a pitted hand axe
  2878 | D:4      | Found a sand-covered staircase.
  2890 | Ossuary  | Entered an ossuary
  2943 | Ossuary  | XOM: potion effect (heal wounds)
  2948 | Ossuary  | XOM: noise
  2955 | Ossuary  | XOM: confuse monster(s)
  2971 | Ossuary  | Reached XP level 6. HP: 48/48 MP: 5/5
  2974 | Ossuary  | XOM: fake destruction
  2977 | Ossuary  | XOM: enchant monster (good)
  2983 | Ossuary  | Reached skill level 5 in Long Blades
  3001 | Ossuary  | XOM: confusion
  3014 | Ossuary  | Reached XP level 7. HP: 25/54 MP: 6/6
  3017 | Ossuary  | Reached skill level 5 in Stealth
  3368 | D:4      | Found a stormy altar of Qazlal.
  3391 | D:4      | XOM: enchant monster (bad)
  3398 | D:4      | Reached skill level 6 in Long Blades
  3586 | D:4      | Found Ylyapsa's Book Emporium.
  3915 | D:5      | XOM: 2-stop teleportation journey
  3951 | D:5      | XOM: noise
  3970 | D:5      | Noticed Sigmund
  4044 | D:5      | XOM: potion effect (stabbing)
  4162 | D:5      | XOM: confusion (+ monsters)
  4163 | D:5      | XOM: summons friendly crimson imp
  4167 | D:5      | XOM: 5-stop teleportation journey
  4281 | D:5      | Reached skill level 5 in Dodging
  4281 | D:5      | Reached XP level 8. HP: 49/61 MP: 7/7
  4293 | D:5      | XOM: 6-stop teleportation journey
  4313 | D:5      | XOM: summons friendly iron imp
  4423 | D:5      | Found Zin's Purification Station.
  4429 | D:5      | Found a glowing silver altar of Zin.
  4444 | D:5      | Bought a potion of curing for 90 gold pieces
  4493 | D:5      | Killed Sigmund
  4493 | D:5      | Reached skill level 7 in Long Blades
  4623 | D:5      | Reached skill level 5 in Fighting
  4714 | D:5      | XOM: give mutations
  4714 | D:5      | Gained mutation: You are clumsy. (Dex -2) [Xom's mischief]
  4714 | D:5      | Gained mutation: You are very clumsy. (Dex -4) [Xom's
                  | mischief]
  4714 | D:5      | Lost mutation: You are very clumsy. (Dex -4) [Xom's
                  | mischief]
  4951 | D:6      | XOM: fog
  5366 | D:6      | Found a staircase to the Ecumenical Temple.
  5426 | D:6      | Found an ancient bone altar of Kikubaaqudgha.
  5523 | D:6      | Reached skill level 8 in Long Blades
  5706 | D:6      | Reached XP level 9. HP: 46/68 MP: 8/8
  5785 | D:6      | XOM: polymorph ogre -> wyvern
  6036 | D:6      | Found a glowing golden altar of the Shining One.
  6041 | D:6      | XOM: god gift: 27 bolts
  6105 | D:7      | Found a blossoming altar of Fedhas.
  6189 | D:7      | XOM: cloud trail
  6202 | D:7      | XOM: 1-stop teleportation journey
  6235 | D:7      | Identified the cursed +3 hand axe "Qaytteun" {venom, MR+}
                  | (You found it on level 4 of the Dungeon)
  6317 | D:7      | XOM: give mutations
  6317 | D:7      | Gained mutation: Your muscles are strong. (Str +2) [Xom's
                  | grace]
  6317 | D:7      | Gained mutation: Your mind is acute. (Int +2) [Xom's grace]
  6317 | D:7      | Gained mutation: Your system is resistant to poisons.
                  | (rPois) [Xom's grace]
  6764 | D:7      | XOM: smoke on damage
  6849 | D:7      | XOM: enchant monster (good)
  7255 | D:8      | XOM: silly message
  7378 | D:8      | Found an iron altar of Okawaru.
  7799 | D:8      | Reached skill level 9 in Long Blades
  7974 | D:9      | XOM: summons 2 friendly demons
  8052 | D:9      | Found a staircase to the Lair.
  8163 | D:9      | XOM: give mutations
  8163 | D:9      | Gained mutation: You are robust. (+10% HP) [Xom's grace]
  8182 | D:9      | XOM: scenery: create altars
  8198 | D:9      | XOM: destruction
  8247 | D:9      | Identified the +5 trident of the Unspeakable One {drain,
                  | rElec MR+ Dex+3} (You found it on level 9 of the Dungeon)
  8419 | D:9      | Found a white marble altar of Elyvilon.
  8641 | D:9      | Found a shimmering blue altar of Sif Muna.
  8784 | D:9      | Found a staircase to the Orcish Mines.
  8857 | D:10     | Entered Level 10 of the Dungeon
  8857 | D:10     | Found a glowing silver altar of Zin.
  8964 | D:10     | XOM: 3-stop teleportation journey
  9094 | D:10     | XOM: scenery: create altars
  9207 | D:10     | Reached XP level 10. HP: 57/84 MP: 9/9
  9217 | D:10     | XOM: 2-stop teleportation journey
  9333 | D:10     | Reached skill level 10 in Stealth
  9343 | D:10     | XOM: destruction
  9556 | D:10     | XOM: give mutations
  9556 | D:10     | Gained mutation: You are partially covered in yellow
                  | scales. (AC +2) [Xom's grace]
  9556 | D:10     | Gained mutation: You have a somewhat thin skeletal
                  | structure. (Dex +2, Stealth) [Xom's grace]
  9629 | D:11     | Noticed a deep elf mage
  9653 | D:11     | XOM: 1-stop teleportation journey
  9704 | D:11     | Found a frozen archway.
  9712 | D:11     | XOM: noise
  9739 | D:11     | Reached skill level 10 in Long Blades
  9786 | IceCv    | Entered an ice cave
 10015 | Lair:1   | Entered Level 1 of the Lair of Beasts
 10015 | Lair:1   | XOM: summons 6 hostile demons
 10156 | Lair:1   | XOM: confuse monster(s)
 10308 | Lair:1   | XOM: enchant monster (bad)
 10354 | Lair:1   | Noticed a spiny frog
 10360 | Lair:1   | Killed a spiny frog
 10384 | Lair:1   | XOM: 1-stop teleportation journey
 10384 | Lair:1   | Noticed a black mamba
 10454 | Lair:1   | XOM: silly message
 10496 | Lair:1   | Killed a black mamba
 10672 | Lair:1   | XOM: blink monster(s)
 10698 | Lair:1   | Reached skill level 11 in Long Blades
 11213 | Lair:2   | Noticed a five-headed hydra
 11223 | Lair:2   | Killed a five-headed hydra
 11223 | Lair:2   | Reached XP level 11. HP: 65/92 MP: 9/9
 11269 | Lair:2   | Noticed a six-headed hydra
 11353 | Lair:2   | XOM: 1-stop teleportation journey
 11364 | Lair:2   | XOM: blink monster(s)
 11401 | Lair:2   | Noticed a four-headed hydra
 11408 | Lair:2   | Killed a five-headed hydra
 11467 | Lair:2   | XOM: cast spell 'Alistair's Intoxication'
 11498 | Lair:2   | Killed a seven-headed hydra
 11781 | Lair:2   | XOM: cast spell 'Summon Horrible Things'
 11803 | Lair:2   | XOM: silly message
 11922 | Lair:2   | Found a staircase to the Swamp.
 11923 | Lair:2   | XOM: silly message
 12170 | Lair:2   | XOM: summons 1 hostile demon
 12191 | Lair:2   | XOM: god gift: potion of lignification
 12326 | Lair:3   | Reached skill level 12 in Long Blades
 12387 | Lair:3   | XOM: summons 1 hostile demon
 12414 | Lair:3   | XOM: smoke on damage
 12594 | Lair:3   | Noticed a six-headed hydra
 12600 | Lair:3   | XOM: give mutations
 12600 | Lair:3   | Lost mutation: Your magical capacity is low. (-10% MP)
                  | [Xom's mischief]
 12600 | Lair:3   | Gained mutation: You are very clumsy. (Dex -4) [Xom's
                  | mischief]
 12600 | Lair:3   | Lost mutation: You have a pair of small antennae on your
                  | head. [Xom's mischief]
 12600 | Lair:3   | Lost mutation: You are very clumsy. (Dex -4) [Xom's
                  | mischief]
 12601 | Lair:3   | Killed a ten-headed hydra
 13009 | Lair:3   | Found a hole to the Spider Nest.
 13307 | Lair:4   | XOM: summons friendly iron imp
 13311 | Lair:4   | XOM: summons friendly crimson imp
 13324 | Lair:4   | Reached skill level 10 in Dodging
 13324 | Lair:4   | Reached XP level 12. HP: 81/103 MP: 12/12
 13648 | Lair:4   | XOM: 2-stop teleportation journey
 13679 | Lair:4   | Got a shimmering ring mail
 13685 | Lair:4   | XOM: silly message
 13690 | Lair:4   | Identified the +2 ring mail of the Well-Known Deaths {rPois
                  | rF- Int+3} (You found it on level 4 of the Lair of Beasts)
 13741 | Lair:4   | XOM: summons 1 hostile shadow creature
 13745 | Lair:4   | XOM: 2-stop teleportation journey
 13858 | Lair:4   | XOM: summons 2 hostile demons
 14052 | Lair:4   | Got an encrusted quarterstaff
 14156 | Lair:4   | XOM: give mutation
 14156 | Lair:4   | Lost mutation: You are robust. (+10% HP) [Xom's mischief]
 14340 | Lair:5   | XOM: summons 1 hostile demon
 14343 | Lair:5   | XOM: noise
 14366 | Lair:4   | XOM: give mutations
 14366 | Lair:4   | Gained mutation: Your muscles are very strong. (Str +4)
                  | [Xom's mischief]
 14366 | Lair:4   | Lost mutation: Your mind is acute. (Int +2) [Xom's
                  | mischief]
 14366 | Lair:4   | Gained mutation: Your mind is acute. (Int +2) [Xom's
                  | mischief]
 14366 | Lair:4   | Lost mutation: Your mind is acute. (Int +2) [Xom's
                  | mischief]
 14386 | Lair:4   | XOM: summons 1 hostile shadow creature
 14387 | Lair:4   | Noticed a four-headed hydra
 14394 | Lair:4   | Reached skill level 13 in Long Blades
 14556 | Lair:5   | XOM: noise
 14559 | Lair:5   | XOM: swap monsters
 14561 | Lair:5   | XOM: divine lightning
 14565 | Lair:5   | XOM: swap monsters
 14567 | Lair:5   | XOM: polymorph porcupine -> shapeshifter
 14740 | Lair:5   | XOM: give mutations
 14740 | Lair:5   | Gained mutation: You are very clumsy. (Dex -4) [Xom's
                  | mischief]
 14740 | Lair:5   | Gained mutation: You have a pair of small horns on your
                  | head. [Xom's mischief]
 14835 | Lair:5   | XOM: swap monsters
 14873 | Lair:5   | XOM: swap monsters
 14971 | Lair:5   | XOM: summons 7 hostile demons
 14974 | Lair:5   | XOM: silly message
 15097 | Lair:4   | XOM: divination: magic mapping
 15215 | Lair:5   | XOM: fog
 15246 | Lair:5   | XOM: divination: detect creatures
 15569 | Lair:5   | Found a staircase to the Slime Pits.
 15671 | Lair:6   | Entered Level 6 of the Lair of Beasts
 15674 | Lair:6   | XOM: scenery: create altars
 15963 | Lair:6   | XOM: 7-stop teleportation journey
 15986 | Lair:6   | XOM: potion effect (brilliance)
 15994 | Lair:6   | XOM: 1-stop teleportation journey
 15997 | Lair:6   | XOM: swap monsters
 15997 | Lair:6   | Noticed a death yak
 15997 | Lair:6   | Noticed a death yak
 15998 | Lair:6   | Noticed a death yak
 16000 | Lair:6   | XOM: chaos cloud
 16016 | Lair:6   | Noticed Enish's ghost (journeyman MiBe)
 16018 | Lair:6   | XOM: noise
 16021 | Lair:6   | HP: 2/96 [barbs]
 16205 | D:11     | Reached skill level 14 in Long Blades
 16254 | D:11     | Noticed Sonja
 16265 | D:11     | Killed Sonja
 16385 | D:11     | Noticed a six-headed hydra
 16391 | D:11     | XOM: fake destruction
 16393 | D:11     | XOM: summons 1 hostile demon
 16397 | D:11     | Killed an eight-headed hydra
 16631 | D:11     | XOM: confusion (+ monsters)
 16634 | D:11     | XOM: silly message
 16691 | D:11     | Reached XP level 13. HP: 61/103 MP: 13/13
 16782 | D:11     | Found a bloodstained altar of Trog.
 16821 | D:11     | XOM: noise
 16832 | D:11     | Reached skill level 10 in Fighting
 17004 | D:11     | XOM: god gift: 6 atropa-tipped darts
 17363 | D:12     | XOM: 3-stop teleportation journey
 17579 | D:12     | XOM: god gift: 25 gold pieces
 17741 | Orc:1    | Entered Level 1 of the Orcish Mines
 17754 | Orc:1    | XOM: confuse monster(s)
 17769 | Orc:1    | XOM: summons friendly shadow imp
 17770 | Orc:1    | XOM: confuse monster(s)
 17862 | Orc:1    | XOM: give mutation
 17862 | Orc:1    | Lost mutation: Your system is resistant to poisons. (rPois)
                  | [Xom's mischief]
 17873 | Orc:1    | XOM: 1-stop teleportation journey
 18300 | Orc:2    | Entered Level 2 of the Orcish Mines
 18357 | Orc:2    | XOM: enchant monster (good)
 18358 | Orc:2    | Reached skill level 1 in Armour
 18465 | Orc:2    | Found a roughly hewn altar of Beogh.
 18592 | Orc:2    | XOM: polymorph orc -> rat
 18625 | Orc:2    | XOM: noise
 18641 | Orc:2    | XOM: noise
 18675 | Orc:2    | XOM: divination: detect items
 18691 | Orc:2    | XOM: silly message
 18699 | Orc:2    | XOM: noise
 18946 | Orc:2    | XOM: enchant monster (bad)
 19080 | Orc:2    | XOM: confuse monster(s)
 19224 | Orc:2    | Found a staircase to the Elven Halls.
 19225 | Orc:2    | XOM: divination: magic mapping
 19303 | Orc:2    | Reached skill level 15 in Long Blades
 19493 | Orc:2    | XOM: silly message
 19501 | Orc:2    | XOM: potion effect (haste)
 19595 | Orc:2    | XOM: divination: magic mapping
 19620 | Orc:2    | XOM: potion effect (stabbing)
 19629 | Orc:2    | XOM: cleaving
 19635 | Orc:2    | Gained mutation: You are dopey. (Int -2) [a neqoxec]
 19641 | Orc:2    | HP: 4/104 [soul eater/drain life[an orc high priest] (18)]
 19834 | Orc:1    | XOM: scenery: create altars
 19953 | Orc:2    | XOM: give mutations
 19953 | Orc:2    | Gained mutation: Your body often deteriorates upon taking
                  | damage. [Xom's mischief]
 19953 | Orc:2    | Lost mutation: You have a somewhat thin skeletal structure.
                  | (Dex +2, Stealth) [Xom's mischief]
 19961 | Orc:2    | XOM: give mutations
 19961 | Orc:2    | Gained mutation: You are frail. (-10% HP) [Xom's mischief]
 19961 | Orc:2    | Gained mutation: Your flesh is heat resistant. (rF+) [Xom's
                  | mischief]
 19961 | Orc:2    | Lost mutation: You are frail. (-10% HP) [Xom's mischief]
 20045 | Orc:2    | XOM: stat loss: -1 Dex (9/10)
 20047 | Orc:2    | XOM: butterfly on damage
 20050 | Orc:2    | HP: 4/104 [orc knight/+0 great sword (37)]
 20052 | Orc:2    | XOM: blink monster(s)
 20284 | Orc:2    | XOM: give mutations
 20284 | Orc:2    | Lost mutation: Your flesh is heat resistant. (rF+) [Xom's
                  | mischief]
 20284 | Orc:2    | Gained mutation: You are frail. (-10% HP) [Xom's mischief]
 20284 | Orc:2    | Lost mutation: You are dopey. (Int -2) [Xom's mischief]
 20284 | Orc:2    | Lost mutation: You are frail. (-10% HP) [Xom's mischief]
 20379 | Orc:2    | XOM: butterfly on damage
 20380 | Orc:2    | Slain by an orc warrior

Illustrated notes

Levels and vault maps discovered:
D:1:      erik_arrival_cave_to_civilisation [erik_arrival_cave_to_hall],
          layout_loops_ring
D:2:      layout_rooms, nicolae_overflow_crystal_walls,
          nicolae_dithmenos_through_a_glass_darkly
D:3:      layout_loops_ring
D:4:      layout_layer_cave, grunt_qazlal_sundering, serial_shops, shop,
          lightli_ossuary_entry_decrepit_ruins
D:5:      layout_cave_pools, zin_purify, first_ration, st_stairs_6, uniq_sigmund
D:6:      layout_loops_ring, marbit_many_paths, tso_altar,
          minmay_temple_entry_gardened_gates
D:7:      layout_loops_corners, old_standard_altar
D:8:      layout_loops_cross, okawaru_ov_weapons_minmay
D:9:      minmay_flawed_box, layout_basic, lemuel_blue_sif_altar,
          lemuel_round_altar, lair_entry_dummy, orc_0_dummy, serial_undead,
          serial_undead_e, serial_undead_c, serial_undead_e, serial_undead_b
D:10:     layout_basic, basic_altar
D:11:     layout_irregular_city, portal_ice_cave_demonic_guard,
          hangedman_stone_soup, bloody_trog, uniq_sonja
D:12:     layout_loops_cross, serial_rivers, chequers_serial_rivers_micro_c,
          chequers_serial_rivers_micro_a, chequers_serial_rivers_micro_c,
          chequers_serial_rivers_marsh, chequers_serial_rivers_small_3,
          chequers_serial_rivers_micro_a
Lair:1:   layout_regular_city
Lair:2:   layout_regular_city, nicolae_swamp_entry_splash_gauntlet,
          grunt_megastairs_1, serial_bayou_shore_b
Lair:3:   layout_regular_city, nicolae_spider_entry_tight_spaces
Lair:4:   layout_roguey, nicolae_lair_grove_arrangements
Lair:5:   layout_gridlike, nicolae_slime_entry_slimehenge
Lair:6:   gammafunk_lair_ancient_temple, layout_loops_ring,
          hellmonk_ghost_happy_afterlife, st_stairs_8
Orc:1:    layout_diamond_mine, mines2_lemuel
Orc:2:    st_orc_pillars, layout_diamond_mine, basic_altar

Skill      XL: |  1  2  3  4  5  6  7  8  9 10 11 12 13 |
---------------+----------------------------------------+-----
Stealth        | 1 2 3 4 6 8 9 11 12 | 12.8
Fighting       | 3 4 5 6 7 8 9 10 | 10.6
Long Blades    | 4 5 6 8 9 11 12 14 15 | 15.2
Dodging        | 3 4 5 6 7 8 10 11 12 | 12.1
Armour         | 3 |  3.0

Action                   |  1- 3 |  4- 6 |  7- 9 | 10-12 | 13-15 || total
-------------------------+-------+-------+-------+-------+-------++-------
Melee: Falchion          |   102 |   179 |   691 |   182 |       ||  1154
       Bite              |     8 |    15 |    71 |    81 |    35 ||   210
       Great sword       |       |       |       |   344 |   277 ||   621
       Morningstar       |       |       |       |     2 |       ||     2
       Headbutt          |       |       |       |    41 |    56 ||    97
Throw: Boomerang         |       |       |     4 |     6 |       ||    10
Evoke: Wand              |       |       |     1 |    33 |       ||    34
  Use: Scroll            |     1 |    10 |     9 |     9 |     7 ||    36
       Potion            |       |     5 |     3 |     7 |     2 ||    17
 Stab: Sleeping          |     2 |     2 |     8 |    19 |     9 ||    40
       Paralysed         |       |     8 |     3 |     5 |       ||    16
       Petrified         |       |    11 |     4 |     2 |       ||    17
       Petrifying        |       |     1 |     3 |       |     2 ||     6
       Confused          |       |     1 |     2 |     7 |     2 ||    12
       Distracted        |       |       |     2 |     1 |     3 ||     6
Armor: Leather armour    |    14 |       |       |       |       ||    14
       Ring mail         |    29 |    45 |    35 |    97 |    54 ||   260
       Skin              |       |    11 |       |       |     6 ||    17
       Scale mail        |       |       |   266 |   165 |       ||   431
Dodge: Dodged            |    78 |    84 |   400 |   495 |   257 ||  1314
       Rpst.: Falchion   |    24 |    17 |   143 |    42 |       ||   226
       Great sword       |       |       |       |    77 |    74 ||   151
